 Dungeon Crawl Stone Soup version 0.26-a0-1129-gc5df7fbe6a (webtiles) character file.

Game seed: 13446645075076805831

3126 FalseProphet the Destroyer (level 9, -2/66 HPs)
             Began as a Gnoll Conjurer on Dec 18, 2020.
             Was a Believer of Sif Muna.
             Shot with an arrow by a centaur (13 damage)
             ... on level 8 of the Dungeon.
             The game lasted 00:16:33 (8678 turns).

FalseProphet the Destroyer (Gnoll Conjurer)         Turns: 8678, Time: 00:16:33

Health: -2/66      AC:  2    Str: 12    XL:     9   Next: 92%
Magic:  18/19      EV: 16    Int: 24    God:    Sif Muna [**....]
Gold:   604        SH:  0    Dex: 17    Spells: 10/21 levels left

rFire    . . .     SeeInvis .   n - +3 scythe (vamp)
rCold    + . .     Faith    +   (shield currently unavailable)
rNeg     . . .     Spirit   .   z - +0 robe {rC+}
rPois    .         Reflect  .   (no helmet)
rElec    .         Harm     .   (no cloak)
rCorr    .         Rampage  .   (no gloves)
Will     +....                  (no boots)
Stlth    ++++......             c - amulet of faith
HPRegen  0.21/turn              l - ring of stealth
MPRegen  0.16/turn              e - +6 ring of dexterity

@: no status effects
A: distributed training, fangs 1, clumsy 1, strong-willed 1, strong 1, sturdy
frame 1, strong nose
a: Renounce Religion, Channel Magic


You were on level 8 of the Dungeon.
You worshipped Sif Muna.
Sif Muna was pleased with you.
You visited 2 branches of the dungeon, and saw 9 of its levels.

You collected 604 gold pieces.

Inventory:

Hand Weapons
 g - a +0 short sword
 n - a +3 vampiric scythe (weapon)
Armour
 a - a +1 robe
 z - a +0 robe of cold resistance (worn)
Jewellery
 c - an amulet of faith (around neck)
 e - a +6 ring of dexterity (right hand)
 l - a ring of stealth (left hand)
 y - an uncursed ring of positive energy {unknown}
Wands
 m - a wand of random effects (20)
 q - a wand of flame (21)
 r - a wand of acid (5)
 s - a wand of iceblast (15)
 x - a wand of disintegration (21)
Scrolls
 d - 3 scrolls of teleportation
 i - 4 scrolls of remove curse
 j - a scroll of blinking
 w - a scroll of fog
Potions
 f - a potion of cancellation
 h - a potion of attraction
 k - 2 potions of magic
 o - a potion of ambrosia {unknown}
 p - 2 potions of haste
 t - a potion of heal wounds {unknown}
 u - 2 potions of flight
 v - a potion of brilliance {unknown}


   Skills:
 + Level 4.7 Fighting
 + Level 4.7 Short Blades
 + Level 4.7 Long Blades
 + Level 4.7 Axes
 + Level 4.7 Maces & Flails
 + Level 4.7 Polearms
 + Level 4.7 Staves
 + Level 4.7 Slings
 + Level 4.7 Bows
 + Level 4.7 Crossbows
 + Level 4.7 Throwing
 + Level 4.7 Armour
 + Level 6.6 Dodging
 + Level 6.3 Stealth
 + Level 4.7 Shields
 + Level 4.7 Unarmed Combat
 + Level 6.9 Spellcasting
 + Level 8.2 Conjurations
 + Level 3.9 Hexes
 + Level 3.9 Summonings
 + Level 3.9 Necromancy
 + Level 3.9 Translocations
 + Level 3.9 Transmutations
 + Level 3.9 Fire Magic
 + Level 3.9 Ice Magic
 + Level 3.9 Air Magic
 + Level 3.9 Earth Magic
 + Level 3.9 Poison Magic
 + Level 5.2 Invocations
 + Level 4.7 Evocations


You had 10 spell levels left.
You knew the following spells:

 Your Spells              Type           Power        Failure   Level
a - Magic Dart            Conj           100%         1%          1
b - Searing Ray           Conj           94%          1%          2
c - Fulminant Prism       Conj/Hex       18%          6%          4
d - Iskenderun's Mystic   Conj/Tloc      37%          6%          4

Your spell library contained the following spells:

 Spells                   Type           Power        Failure   Level
 Conjure Flame            Conj/Fire      37%          1%          3
 Dazzling Flash           Conj/Hex       74%          1%          3
 Blink                    Tloc           N/A          2%          2
 Call Imp                 Summ           27%          2%          2
 Slow                     Hex            27%          2%          2
 Mephitic Cloud           Conj/Pois/Air  34%          2%          3
 Confusing Touch          Hex            27%          4%          3
 Gell's Gravitas          Tloc           13%          4%          3
 Petrify                  Tmut/Erth      27%          14%         4
 Metabolic Englaciation   Hex/Ice        13%          38%         5
 Yara's Violent Unravell  Hex/Tmut       13%          38%         5


Dungeon Overview and Level Annotations

Branches:
Dungeon (8/15)             Temple (1/1) D:4
   Lair: D:8-11

Altars:
Ashenzari
Dithmenos
Elyvilon
Fedhas
Gozag
Hepliaklqana
Nemelex Xobeh
Ru
Sif Muna
Uskayaw
Xom
Yredelemnul

Shops:
D:5 (

Annotations:
D:6 4 runed translucent doors, CozyGlow's ghost, novice HuMo; Crazy Yiuf; cobaltphoenix's ghost, novice HOMo


Innate Abilities, Weirdness & Mutations

Your experience applies equally to all skills.
You have very sharp teeth.
Your uncanny sense of smell can sniff out nearby items.
You are clumsy. (Dex -2)
You are strong-willed. (Will+)
Your muscles are strong. (Str +2)
Your movements are slightly less encumbered by armour. (ER -2)


Message History

The magic dart hits the centaur but does no damage.
The centaur is moderately wounded.
The centaur shoots an arrow.
The arrow closely misses you.
Casting: Magic Dart (safe; 1% risk of failure)
Confirm with . or Enter, or press ? or * to list all spells.
Aiming: Magic Dart (safe; 1% risk of failure)
Press: ? - help, Shift-Dir - straight line, f/p - centaur
Aim: a centaur, wielding a +0 shortbow and quivering 11 arrows (moderately wounded, 0% to evade)
Okay, then.
You see here an arrow.
The centaur shoots an arrow.
The arrow hits you!
* * * LOW HITPOINT WARNING * * *
There is a stone staircase leading down here.
The centaur shoots an arrow.
The arrow hits you.
* * * LOW HITPOINT WARNING * * *
You feel better.
The centaur shoots an arrow.
The arrow barely misses you.
A centaur skeleton comes into view.
Okay, then.
The centaur shoots an arrow.
The arrow hits you!
You die...

#.Z.###### ..#
#.c## #.#
#..###### #.#
#.(.)...###.
#.#
####.(#.......
#.#
#.......#.##
#<#
#.##....#>## #
#.#
#.........#
######.#
#.....(@(.# ∆
#..>...##
#.....<..##
#..?.....
#.##...###
#.......## ∆
#...
#......###
#..#
#......#.. #..
#.##.###.# ...
... #......
##.. ##
####... ∆
..<...


You could see a centaur.

Vanquished Creatures
  Pikel (D:6)
  Grinder (D:3)
  Sigmund (D:3)
  An orc warrior (D:5)
  A sky beast (D:7)
  3 ogres
  A necrophage (D:7)
  A phantom (D:6)
  A centaur (D:6)
  A lemure (D:6)
  3 bullfrogs
  A scorpion (D:7)
  4 wights (D:8)
  5 howler monkeys
  3 hounds
  2 jellies (D:7)
  2 orc priests
  2 iguanas
  Jessica (D:2)
  2 bullfrog skeletons (D:8)
  Natasha (thrice) (D:2)
  6 orc wizards
  3 worker ants
  2 hound skeletons (D:7)
  3 worker ant zombies
  7 gnolls (D:3)
  8 adders
  2 white imps (D:8)
  An ooze (D:3)
  3 worms
  14 dart slugs
  4 leopard geckos
  19 orcs
  4 giant cockroaches
  8 goblins
  10 hobgoblins
  12 jackals
  2 quokkas
  2 ball pythons
  4 bats
  A frilled lizard (D:2)
  7 kobolds
  A leopard gecko skeleton (D:4)
  A leopard gecko zombie (D:5)
  7 rats
171 creatures vanquished.

Vanquished Creatures (others)
  5 fulminant prisms
5 creatures vanquished.

Grand Total: 176 creatures vanquished

Notes
Turn   | Place    | Note
-------+----------+-------------------------------------------
     0 | D:1      | FalseProphet the Gnoll Conjurer began the quest for the
                  | Orb.
     0 | D:1      | Reached XP level 1. HP: 13/13 MP: 6/6
   262 | D:1      | Reached XP level 2. HP: 19/19 MP: 4/7
   574 | D:1      | Learned a level 2 spell: Searing Ray
   699 | D:1      | Reached XP level 3. HP: 18/25 MP: 6/9
   979 | D:2      | Noticed Jessica
   982 | D:2      | Killed Jessica
   983 | D:2      | Reached skill level 1 in Fighting
   983 | D:2      | Reached skill level 1 in Short Blades
   983 | D:2      | Reached skill level 1 in Long Blades
   983 | D:2      | Reached skill level 1 in Axes
   983 | D:2      | Reached skill level 1 in Maces & Flails
   983 | D:2      | Reached skill level 1 in Polearms
   983 | D:2      | Reached skill level 1 in Staves
   983 | D:2      | Reached skill level 1 in Slings
   983 | D:2      | Reached skill level 1 in Bows
   983 | D:2      | Reached skill level 1 in Crossbows
   983 | D:2      | Reached skill level 1 in Throwing
   983 | D:2      | Reached skill level 1 in Armour
   983 | D:2      | Reached skill level 1 in Shields
   983 | D:2      | Reached skill level 1 in Unarmed Combat
   983 | D:2      | Reached skill level 5 in Spellcasting
   983 | D:2      | Reached skill level 1 in Invocations
   983 | D:2      | Reached skill level 1 in Evocations
  1311 | D:2      | Reached XP level 4. HP: 32/32 MP: 6/11
  1575 | D:2      | Noticed a +0 dagger
  1576 | D:2      | Noticed a +0 hand axe
  1581 | D:2      | Found a hide-covered altar of Uskayaw.
  1581 | D:2      | Noticed Natasha
  1589 | D:2      | Killed Natasha
  1590 | D:2      | Reached skill level 1 in Hexes
  1590 | D:2      | Reached skill level 1 in Summonings
  1590 | D:2      | Reached skill level 1 in Necromancy
  1590 | D:2      | Reached skill level 1 in Translocations
  1590 | D:2      | Reached skill level 1 in Transmutations
  1590 | D:2      | Reached skill level 1 in Fire Magic
  1590 | D:2      | Reached skill level 1 in Ice Magic
  1590 | D:2      | Reached skill level 1 in Air Magic
  1590 | D:2      | Reached skill level 1 in Earth Magic
  1590 | D:2      | Reached skill level 1 in Poison Magic
  1681 | D:2      | Found a shadowy altar of Dithmenos.
  1827 | D:2      | Found a shimmering altar of Xom.
  1991 | D:2      | Noticed Natasha
  1995 | D:2      | Killed Natasha
  1996 | D:2      | Reached XP level 5. HP: 37/37 MP: 6/12
  2115 | D:2      | Noticed Natasha
  2120 | D:2      | Killed Natasha
  2287 | D:3      | Noticed Sigmund
  2293 | D:3      | Killed Sigmund
  2294 | D:3      | Reached skill level 5 in Dodging
  2294 | D:3      | Reached XP level 6. HP: 20/44 MP: 4/14
  2921 | D:3      | Reached XP level 7. HP: 50/50 MP: 13/15
  2942 | D:3      | Noticed Grinder
  2944 | D:3      | Found a broken altar of Ashenzari.
  2954 | D:3      | Paralysed by Grinder for 3 turns
  2958 | D:3      | Killed Grinder
  3666 | D:3      | Reached skill level 5 in Stealth
  3834 | D:3      | Found a basalt altar of Yredelemnul.
  4072 | D:4      | Found a staircase to the Ecumenical Temple.
  4083 | D:4      | Reached XP level 8. HP: 57/57 MP: 8/16
  4089 | Temple   | Entered the Ecumenical Temple
  4173 | Temple   | Became a worshipper of Sif Muna the Loreminder
  4487 | D:4      | Gained mutation: You are strong-willed. (Will+) [potion of
                  | mutation]
  4487 | D:4      | Gained mutation: You have sharp toenails. [potion of
                  | mutation]
  4488 | D:4      | Lost mutation: You have sharp toenails. [potion of
                  | mutation]
  4488 | D:4      | Gained mutation: Your muscles are strong. (Str +2) [potion
                  | of mutation]
  4488 | D:4      | Gained mutation: You are clumsy. (Dex -2) [potion of
                  | mutation]
  4488 | D:4      | Gained mutation: Your movements are slightly less
                  | encumbered by armour. (ER -2) [potion of mutation]
  4572 | D:4      | Found a white marble altar of Elyvilon.
  4740 | D:5      | Entered Level 5 of the Dungeon
  4890 | D:5      | Found a blossoming altar of Fedhas.
  5240 | D:5      | Found Waock's Weapon Emporium.
  5441 | D:6      | Found a runed translucent gate.
  5441 | D:6      | Found a runed translucent gate.
  5441 | D:6      | Found a runed translucent gate.
  5441 | D:6      | Noticed cobaltphoenix's ghost (novice HOMo)
  5442 | D:6      | Noticed CozyGlow's ghost (novice HuMo)
  5477 | D:6      | Reached * piety under Sif Muna
  5570 | D:6      | Learned a level 4 spell: Fulminant Prism
  5575 | D:6      | Learned a level 4 spell: Iskenderun's Mystic Blast
  5739 | D:6      | Noticed Pikel
  5749 | D:6      | Killed Pikel
  5750 | D:6      | Reached XP level 9. HP: 57/65 MP: 2/18
  6740 | D:6      | Found a runed translucent door.
  6741 | D:6      | Noticed Crazy Yiuf
  7063 | D:7      | Reached skill level 8 in Conjurations
  7471 | D:7      | Reached ** piety under Sif Muna
  7482 | D:7      | Reached skill level 5 in Invocations
  8674 | D:8      | HP: 3/66 [centaur/arrow (7)]
  8676 | D:8      | HP: 1/66 [centaur/arrow (2)]
  8678 | D:8      | Shot with an arrow by a centaur

Illustrated notes

Levels and vault maps discovered:
D:1:      dpeg_arrival_tiny_i, layout_basic
D:2:      layout_loops_cross, dancing_weapons_uskayaw, lemuel_crystal_altar,
          grunt_dithmenos_smoke_and_mirrors, uniq_jessica, uniq_natasha
D:3:      kennysheep_slugbush, layout_basic, marbit_many_paths,
          ashenzari_conservatory_becter, grunt_ministairs_15, uniq_grinder,
          uniq_sigmund
D:4:      layout_basic, elyvilon_altar_5, temple_green
D:5:      wad_pebble_path, layout_basic, kennysheep_mini_moat, serial_shops,
          nicolae_shop_trees
D:6:      layout_layer_cave, gammafunk_ghost_cemetery, uniq_pikel,
          uniq_crazy_yiuf_cottage
D:7:      layout_cave_pools
D:8:      layout_loops_ring, david_lair_shrubbed, minmay_circle_x
Temple:   regret_index_temple_sphere_string

Skill      XL: |  1  2  3  4  5  6  7  8  9 |
---------------+----------------------------+-----
Fighting       | 1 2 3 4 |  4.7
Short Blades   | 1 2 3 4 |  4.7
Long Blades    | 1 2 3 4 |  4.7
Axes           | 1 2 3 4 |  4.7
Maces & Flails | 1 2 3 4 |  4.7
Polearms       | 1 2 3 4 |  4.7
Staves         | 1 2 3 4 |  4.7
Slings         | 1 2 3 4 |  4.7
Bows           | 1 2 3 4 |  4.7
Crossbows      | 1 2 3 4 |  4.7
Throwing       | 1 2 3 4 |  4.7
Armour         | 1 2 3 4 |  4.7
Shields        | 1 2 3 4 |  4.7
Unarmed Combat | 1 2 3 4 |  4.7
Spellcasting   | 5 6 |  6.9
Invocations    | 1 2 3 4 5 |  5.2
Evocations     | 1 2 3 4 |  4.7
Hexes          | 1 2 3 |  3.9
Summonings     | 1 2 3 |  3.9
Necromancy     | 1 2 3 |  3.9
Translocations | 1 2 3 |  3.9
Transmutations | 1 2 3 |  3.9
Fire Magic     | 1 2 3 |  3.9
Ice Magic      | 1 2 3 |  3.9
Air Magic      | 1 2 3 |  3.9
Earth Magic    | 1 2 3 |  3.9
Poison Magic   | 1 2 3 |  3.9
Dodging        | 5 6 |  6.6
Stealth        | 5 6 |  6.3
Conjurations   | 8 |  8.2

Action                   |  1- 3 |  4- 6 |  7- 9 || total
-------------------------+-------+-------+-------++-------
Melee: Short sword       |     5 |    16 |       ||    21
       Bite              |     1 |       |    12 ||    13
       Scythe            |       |       |   118 ||   118
 Cast: Magic Dart        |    48 |    69 |   157 ||   274
       Searing Ray       |       |     8 |    23 ||    31
       Fulminant Prism   |       |       |     5 ||     5
       Iskenderun's Myst |       |       |     3 ||     3
  Use: Scroll            |       |     5 |    16 ||    21
       Potion            |       |       |     5 ||     5
 Stab: Sleeping          |       |     2 |     4 ||     6
Armor: Robe              |       |     1 |    22 ||    23
Dodge: Dodged            |     7 |    20 |   171 ||   198

Table legend: (Time is in decaauts)
 A = Elapsed time spent in this place.
 B = Non-inter-level travel time spent in this place.
 C = Inter-level travel time spent in this place.
 D = Time resting spent in this place.
 E = Time spent auto-exploring this place.
 F = Levels seen in this place.
 G = Mean time per level.
                   A        B        C        D        E       F      G
               +--------+--------+--------+--------+--------+-----+--------+
         Total |   8780 |   8505 |    275 |   1391 |   5926 |   9 |  975.6 |
       Dungeon |   8680 |   8417 |    263 |   1391 |   5853 |   8 | 1085.0 |
        Temple |    100 |     88 |     12 |      0 |     73 |   1 |  100.0 |
               +--------+--------+--------+--------+--------+-----+--------+

Top non-repeatable levels by time:
     D:3: 1836 daAuts
     D:6: 1640 daAuts
     D:7: 1232 daAuts
     D:2: 1216 daAuts
     D:1: 978 daAuts
     D:5: 657 daAuts
     D:4: 631 daAuts
     D:8: 487 daAuts
  Temple: 100 daAuts
